Map: Ruins of Seras

Players

Snute - Winner!

  • Race: Zerg Zerg

Hydra

  • Race: Zerg Zerg

Event: 2016 WCS Winter Circuit Championship

VOD

Have the link to the VOD?

Description

Time

  • Played on: March 5, 2016, 8:04 a.m.
  • Length: 27:24

All games in this series

Show
View Real Time Build Order
Export as new Build Order

Snute Zerg - Winner!

Build Orders: Hatch First 

Get SALT Encoding   

  12  0:00  Drone  
  13  0:13  Overlord  
  13  0:18  Drone  
  14  0:32  Drone x2  
  16  0:35  Drone  
  17  0:54  Hatchery  
  17  0:56  Drone  
  17  1:00  Drone  
  17  1:02  Extractor  
  17  1:15  Spawning Pool  
  17  1:18  Drone  
  17  1:21  Drone  
  18  1:29  Drone  
  19  1:39  Overlord  
  19  1:50  Drone  
  20  2:01  Metabolic Boost, Queen  
  20  2:02  Zergling x2  
  20  2:07  Queen  
  25  2:10  Drone  
  25  2:14  Drone  
  27  2:18  Drone  
  28  2:24  Baneling Nest  
  28  2:26  Drone  
  28  2:29  Zergling x2  
  29  2:33  Zergling x2  
  30  2:40  Queen  
  32  2:45  Zergling x4  
  34  2:56  Overlord  
  34  2:57  Drone  
  35  3:08  Zergling x2  
  35  3:09  Baneling  
  36  3:17  Roach Warren, Zergling x8  
  36  3:18  Zergling x2  
  40  3:25  Drone  
  40  3:27  Drone  
  41  3:31  Overlord  
  41  3:36  Baneling x2  
  41  3:47  Drone  
  41  3:49  Overlord x2  
  41  3:58  Roach x4  
  41  4:02  Roach  
  48  4:06  Roach  
  50  4:15  Zergling x6  
  50  4:21  Roach  
  52  4:25  Zergling x2  
  51  4:34  Zergling x4  
  53  4:40  Hatchery  
  53  4:41  Ravager  
  53  4:43  Zergling x4  
  54  4:49  Baneling  
  54  4:52  Zergling x2  
  55  4:59  Zergling x6  
  56  5:00  Zergling x6  
  51  5:07  Zergling x2  
  51  5:10  Drone  
  51  5:12  Baneling x2  
  51  5:13  Drone  
  53  5:22  Zergling x2  
  53  5:29  Drone  
  53  5:32  Drone  
  53  5:33  Drone  
  45  5:44  Roach x2  
  45  5:46  Roach  
  51  5:50  Roach  
  51  5:51  Roach  
  51  5:52  Drone  
  51  5:53  Drone x3  
  51  5:54  Extractor  
  58  5:59  Drone  
  59  6:04  Queen  
  61  6:12  Zergling x8  
  61  6:18  Zergling x14  
  67  6:19  Ravager  
  67  6:24  Zergling x2  
  74  6:26  Overlord  
  74  6:39  Overlord  
  74  6:40  Overlord  
  74  6:47  Overlord  
  74  6:56  Overlord  
  74  6:58  Roach x4  
  74  6:59  Roach x3  
  88  7:05  Zergling x6  
  92  7:08  Ravager  
  92  7:11  Zergling x2  
  92  7:12  Zergling x2  
  94  7:18  Zergling x6  
  94  7:19  Zergling x4  
  94  7:21  Zergling x2  
  100  7:24  Zergling x2  
  100  7:29  Ravager  
  102  7:35  Zergling x8  
  94  7:53  Zergling x14  
  94  7:54  Zergling x2  
  83  8:01  Zergling x8  
  83  8:05  Ravager  
  72  8:07  Zergling x4  
  72  8:09  Zergling x6  
  72  8:10  Zergling x2  
  72  8:12  Zergling x4  
  71  8:17  Roach x2  
  71  8:18  Roach  
  70  8:26  Roach x2  
  74  8:30  Roach  
  74  8:33  Roach  
  78  8:36  Roach  
  80  8:43  Zergling x6  
  80  8:44  Zergling x4  
  81  8:49  Zergling x2  
  81  8:51  Zergling x2  
  81  8:54  Zergling x6  
  81  8:55  Ravager x2  
  76  8:57  Zergling x2  
  76  8:58  Zergling x2  
  76  9:01  Zergling x4  
  72  9:05  Ravager x2  
  72  9:06  Ravager  
  72  9:07  Zergling x2  
  72  9:08  Zergling x2  
  77  9:12  Ravager  
  77  9:13  Zergling x4  
  80  9:22  Zergling x8  
  79  9:26  Zergling x6  
  82  9:32  Ravager  
  82  9:34  Zergling x6  
  82  9:38  Zergling x2  
  87  9:42  Zergling x8  
  88  9:50  Zergling x8  
  88  9:52  Zergling x2  
  71  10:00  Zergling x8  
  63  10:10  Zergling x10  
  63  10:11  Zergling x2  
  65  10:20  Roach x3  
  70  10:24  Roach  
  70  10:26  Roach  
  70  10:28  Roach  
  76  10:33  Roach x2  
  81  10:35  Zergling x2  
  81  10:40  Ravager  
  81  10:42  Ravager x2  
  84  10:43  Zergling x4  
  84  10:44  Zergling x2  
  87  10:52  Zergling x8  
  87  10:53  Zergling x2  
  92  11:00  Zergling x8  
  96  11:10  Ravager x2  
  98  11:11  Zergling x2  
  98  11:12  Zergling x8  
  85  11:27  Zergling x2  
  85  11:28  Zergling x14  
  85  11:31  Zergling x4  
  87  11:33  Ravager  
  87  11:37  Zergling x2  
  87  11:38  Zergling x4  
  86  11:42  Zergling x2  
  86  11:43  Zergling x2  
  86  11:47  Zergling x6  
  86  11:52  Zergling x6  
Show
View Real Time Build Order
Export as new Build Order

Hydra Zerg 

Build Orders: Hatch First, Zergling Baneling 

Get SALT Encoding   

  12  0:00  Drone  
  13  0:12  Overlord  
  13  0:17  Drone  
  14  0:31  Drone x2  
  14  0:34  Drone  
  17  0:52  Hatchery  
  17  0:55  Drone  
  17  0:58  Drone  
  18  1:05  Extractor  
  17  1:14  Spawning Pool  
  17  1:18  Drone  
  17  1:21  Drone  
  18  1:28  Drone  
  19  1:39  Overlord  
  19  2:00  Queen  
  22  2:01  Zergling x2  
  22  2:02  Drone  
  22  2:03  Queen  
  22  2:04  Zergling x2  
  26  2:08  Metabolic Boost  
  26  2:13  Drone  
  27  2:16  Drone  
  27  2:22  Drone  
  29  2:26  Baneling Nest  
  29  2:29  Drone  
  29  2:33  Drone  
  29  2:36  Drone  
  31  2:45  Drone  
  32  2:51  Drone  
  32  2:55  Overlord  
  33  3:05  Hatchery, Zergling x2  
  33  3:11  Drone  
  33  3:12  Drone x2  
  36  3:14  Drone  
  36  3:18  Zergling x4  
  39  3:25  Baneling x2  
  39  3:26  Zergling x4  
  39  3:29  Zergling x2  
  39  3:30  Zergling x2  
  39  3:33  Zergling x2  
  42  3:39  Zergling x2  
  42  3:40  Baneling x2  
  43  3:47  Zergling x2  
  43  3:57  Overlord  
  43  4:01  Queen, Drone  
  42  4:03  Zergling x2  
  42  4:04  Zergling x2  
  44  4:14  Overlord  
  43  4:17  Zergling x8  
  43  4:21  Roach Warren  
  43  4:22  Extractor  
  45  4:24  Drone x2  
  46  4:32  Zergling x2  
  46  4:33  Zergling x8  
  46  4:36  Baneling x6  
  51  4:39  Zergling x2  
  51  4:40  Zergling x4  
  51  4:44  Zergling x4  
  51  4:45  Zergling x2  
  49  5:02  Roach x5  
  50  5:09  Roach x2  
  51  5:15  Roach x2  
  51  5:18  Roach  
  51  5:20  Roach  
  59  5:25  Roach  
  61  5:29  Roach  
  59  5:43  Roach x2  
  59  5:44  Overlord x2  
  59  5:48  Drone x3  
  66  5:56  Overlord  
  66  6:04  Ravager x2  
  66  6:05  Drone  
  66  6:06  Zergling x6  
  66  6:07  Zergling x4  
  74  6:14  Extractor  
  74  6:16  Drone x2  
  74  6:17  Drone x2  
  77  6:19  Roach x2  
  77  6:24  Drone  
  82  6:26  Drone  
  82  6:31  Overlord  
  83  6:33  Drone  
  84  6:40  Overlord x2  
  84  6:46  Roach x3  
  90  6:50  Roach  
  90  6:51  Roach  
  90  6:53  Overlord  
  94  6:57  Ravager  
  94  6:59  Ravager  
  96  7:06  Roach  
  96  7:07  Overlord x2, Roach  
  99  7:09  Zergling x2  
  99  7:10  Zergling x4  
  102  7:17  Roach x2  
  102  7:21  Queen  
  102  7:22  Roach  
  110  7:26  Roach x2  
  116  7:30  Roach  
  116  7:31  Zergling x2  
  116  7:32  Zergling x4  
  116  7:35  Zergling x4  
  115  7:53  Roach x7  
  104  8:03  Roach x3  
  97  8:11  Roach  
  97  8:12  Roach x2  
  92  8:13  Zergling x8  
  92  8:19  Roach  
  95  8:22  Roach x2  
  99  8:27  Zergling x6  
  99  8:30  Ravager  
  99  8:31  Zergling x2  
  104  8:34  Zergling x4  
  104  8:38  Zergling x2  
  104  8:39  Zergling x2  
  108  8:47  Roach  
  108  8:48  Roach x2  
  112  8:51  Zergling x4  
  82  9:06  Roach x3  
  88  9:11  Roach x2  
  88  9:12  Roach  
  94  9:21  Zergling x2  
  94  9:22  Zergling x8  
  77  9:26  Roach x2  
  77  9:28  Roach x2  
  79  9:33  Roach x2  
  79  9:38  Ravager x2  
  83  9:40  Zergling x6  
  83  9:50  Roach x3  
  79  9:56  Roach  
  73  10:00  Roach x3  
  73  10:02  Zergling x2  
  73  10:03  Zergling x2  
  71  10:09  Roach x2  
  72  10:16  Roach x2  
  77  10:21  Ravager  
  77  10:22  Drone x3  
  80  10:30  Ravager  
  80  10:31  Queen  
  80  10:35  Queen  
  85  10:45  Roach x3  
  85  10:48  Overlord  
  91  10:50  Roach  
  91  10:53  Baneling x3  
  94  10:57  Roach  
  94  11:01  Roach  
  94  11:02  Extractor  
  95  11:08  Roach x2  
  98  11:23  Roach x5  
  94  11:29  Zergling x6  
  66  11:42  Roach  
  66  11:43  Roach  
  49  11:47  Roach  
  49  11:52  Roach  
Tags
 
Add a new tag
Caveats
  • Supply blocks, unpowered buildings, or Contaminate may cause inaccurate times.
  • Supply counts are checked every 10 seconds.